 Dungeon Crawl Stone Soup version 0.27.0-1-g7a089689b8 (webtiles) character file.

Game seed: 1430095520601551508

160 agentchuck the Skirmisher (level 5, -2/34 HPs)
             Began as a Gargoyle Fighter on Aug 13, 2021.
             Slain by Edmund (5 damage)
             ... on level 4 of the Dungeon.
             The game lasted 00:05:33 (1526 turns).

agentchuck the Skirmisher (Gargoyle Fighter)        Turns: 1526, Time: 00:05:34

Health: -2/34      AC: 19    Str: 20    XL:     5   Next: 41%
Magic:  5/5        EV:  3    Int:  9    God:
Gold:   74         SH:  9    Dex:  9    Spells: 4/4 levels left

rFire    . . .     SeeInvis +   a - +1 war axe
rCold    . . .     Faith    .   c - +0 kite shield
rNeg     + . .     Spirit   .   m - +0 plate armour
rPois    ∞         Reflect  .   (no helmet)
rElec    +         Harm     .   (no cloak)
rCorr    .         Rampage  .   j - +0 pair of gloves
Will     .....                  n - +1 pair of boots
Stlth    ..........             (no amulet)
HPRegen  0.11/turn              v - ring of see invisible
MPRegen  0.09/turn              L - ring of flight

@: mighty, flying
A: sickness immunity, AC +4, negative energy resistance 1, electricity
resistance, torment resistance 1, petrification resistance
a: no special abilities


You were on level 4 of the Dungeon.
You visited 1 branch of the dungeon, and saw 4 of its levels.

You collected 74 gold pieces.


Innate Abilities, Weirdness & Mutations

You are immune to sickness and miasma.
Your stone body is resilient. (AC +4)
You are immune to poison.
You resist negative energy. (rN+)
You are resistant to electric shocks. (rElec)
You are resistant to unholy torment.
You are immune to petrification.


   Skills:
 * Level 4.6 Fighting
 * Level 3.2 Axes
 + Level 3.9 Armour
 + Level 4.0 Shields


You had 4 spell levels left.
You didn't know any spells.
Your spell library was empty.

Inventory:

Hand Weapons
 a - a +1 war axe (weapon)
Missiles
 f - 22 poisoned darts (quivered)
Armour
 b - a +0 scale mail
 c - a +0 kite shield (worn)
 j - a +0 pair of gloves (worn)
 m - a +0 plate armour (worn)
 n - a +1 pair of boots (worn)
Jewellery
 v - a ring of see invisible (left hand)
 L - a ring of flight (right hand)
Scrolls
 e - 2 scrolls of magic mapping
 g - 2 scrolls of enchant weapon
 i - a scroll of immolation {unknown}
 l - 2 scrolls of teleportation {unknown}
Potions
 h - 2 potions of resistance {unknown}
 k - a potion of flight {unknown}
 o - a potion of heal wounds {unknown}
 p - a potion of curing {unknown}

Dungeon Overview and Level Annotations

Branches:
Dungeon (4/15)
 Temple: D:4-7

Altars:
Okawaru
Sif Muna

Annotations:
D:4 Edmund

.. #.# +##+## #.. .....#
#..### ####
#......###..#...<.
...##...........#....#
#..#.........(.#....#
#.#@##........#.....
#..@#.........#.#..†
##.)#.........#.....
#..#..#............
######................#.
#..........#............
#........(.#........###.
#..........#........#...
########...###......#.#
#.........# #......#.#


You could see Edmund.


Message History

Edmund is moderately wounded.
You closely miss the goblin. Edmund hits you but does no damage.
The goblin hits you but does no damage.
You slash Edmund!
Edmund is heavily wounded.
You closely miss the goblin. The goblin hits you but does no damage.
Edmund barely misses you. You block Edmund's attack.
You block the goblin's attack.
You hit Edmund.
Edmund is severely wounded.
You hit the goblin.
You kill the goblin!
Edmund hits you but does no damage. Edmund hits you with a +1 vorpal flail.
Your Shields skill increases to level 4!
You closely miss Edmund.
Edmund is severely wounded.
Edmund hits you with a +1 vorpal flail!
* * * LOW HITPOINT WARNING * * *
x2 You slash Edmund!
Edmund is almost dead.
Edmund hits you but does no damage. x2
You closely miss Edmund.
Edmund is almost dead.
Edmund hits you with a +1 vorpal flail.
* * * LOW HITPOINT WARNING * * *
x2 You barely miss Edmund.
Edmund is almost dead.
Edmund grinds his teeth, and then sighs.
Edmund completely misses you. Edmund hits you with a +1 vorpal flail.
You die...

Skill      XL: |  1  2  3  4  5 |
---------------+----------------+-----
Axes           | 2 3 |  3.2
Fighting       | 4 |  4.6
Shields        | 4 |  4.0
Armour         | |  3.9

Action                   |  1- 3 |  4- 6 || total
-------------------------+-------+-------++-------
Melee: War axe           |    83 |    89 ||   172
  Use: Scroll            |       |     5 ||     5
       Potion            |       |     1 ||     1
Armor: Scale mail        |    56 |       ||    56
       Plate armour      |     5 |   114 ||   119
Dodge: Dodged            |    38 |    28 ||    66
Block: Kite shield       |    42 |    80 ||   122

Levels and vault maps discovered:
D:1:      dpeg_arrival_rooms_b, layout_loops_ring,
          shapermc_ecumenical_altar_totnotflames
D:2:      layout_loops_corners
D:3:      layout_loops_ring, okawaru_altar_gauntlet_db,
          mainiacjoe_overflow_cross_hatched
D:4:      layout_basic, mainiacjoe_overflow_24_doors, serial_shops, shop,
          uniq_edmund, uniq_robin

Notes
Turn   | Place    | Note
-------+----------+-------------------------------------------
     0 | D:1      | agentchuck the Gargoyle Fighter began the quest for the
                  | Orb.
     0 | D:1      | Reached XP level 1. HP: 14/14 MP: 1/1
   143 | D:1      | Found a faded altar of an unknown god.
   150 | D:1      | Reached skill level 2 in Axes
   150 | D:1      | Reached XP level 2. HP: 17/19 MP: 2/2
   300 | D:2      | Reached XP level 3. HP: 20/24 MP: 3/3
   636 | D:2      | Reached skill level 4 in Fighting
   645 | D:2      | Reached XP level 4. HP: 23/29 MP: 4/4
  1056 | D:3      | Found a shimmering blue altar of Sif Muna.
  1309 | D:3      | Found an iron altar of Okawaru.
  1344 | D:3      | Reached skill level 3 in Axes
  1344 | D:3      | Reached XP level 5. HP: 31/34 MP: 5/5
  1514 | D:4      | Noticed Edmund
  1523 | D:4      | Reached skill level 4 in Shields
  1525 | D:4      | HP: 3/34 [Edmund (2)]
  1526 | D:4      | Slain by Edmund

Vanquished Creatures
  A centaur skeleton (D:4)
  A gnoll (D:3)
  7 adders
  3 worms (D:2)
  2 dart slugs
  An orc (D:2)
  3 endoplasms
  A giant cockroach (D:1)
  5 goblins
  4 hobgoblins
  2 quokkas
  7 ball pythons
  6 bats
  2 frilled lizards
  3 kobolds
  2 rats
50 creatures vanquished.

Table legend: (Time is in decaauts)
 A = Elapsed time spent in this place.
 B = Non-inter-level travel time spent in this place.
 C = Inter-level travel time spent in this place.
 D = Time resting spent in this place.
 E = Time spent auto-exploring this place.
 F = Levels seen in this place.
 G = Mean time per level.
                   A        B        C        D        E       F      G
               +--------+--------+--------+--------+--------+-----+--------+
         Total |   1627 |   1563 |     64 |    185 |      7 |   4 |  406.8 |
       Dungeon |   1627 |   1563 |     64 |    185 |      7 |   4 |  406.8 |
               +--------+--------+--------+--------+--------+-----+--------+

Top non-repeatable levels by time:
     D:2: 808 daAuts
     D:3: 427 daAuts
     D:1: 303 daAuts
     D:4: 88 daAuts

Table legend:
 A = Non-vault XP
 B = Vault XP
 C = Vault XP percentage of total XP
 D = Non-vault monster count
 E = Vault monster count
 F = Vault count percentage of total count
                 A         B        C        D         E       F
            +---------+---------+-------+---------+---------+-------
      Total |     205 |      24 |  10.5 |      44 |       6 |  12.0
            +---------+---------+-------+---------+---------+-------
        D:1 |      20 |       0 |   0.0 |      13 |       0 |   0.0
        D:2 |      93 |       0 |   0.0 |      15 |       0 |   0.0
        D:3 |      38 |      24 |  38.7 |      10 |       6 |  37.5
        D:4 |      54 |       0 |   0.0 |       6 |       0 |   0.0
            +---------+---------+-------+---------+---------+-------
